 Dungeon Crawl Stone Soup version 0.28.0-43-g3370ac3207 (webtiles) character file.

Game seed: 9991738476313764457

37 adizb the Poker (level 3, 0/28 HPs)
             Began as a Merfolk Gladiator on Mar 3, 2022.
             Succumbed to an adder's poison
             ... on level 2 of the Dungeon.
             The game lasted 00:09:52 (1702 turns).

adizb the Poker (Merfolk Gladiator)                 Turns: 1702, Time: 00:09:52

Health: 0/28       AC:  4    Str: 14    XL:     3   Next: 39%
Magic:  3/3        EV: 14    Int:  7    God:
Gold:   108        SH:  0    Dex: 17    Spells: 2/2 levels left

rFire   . . .      SeeInvis .   a - +0 trident
rCold   . . .      Faith    .   (no shield)
rNeg    . . .      Spirit   .   b - +0 leather armour
rPois   .          Reflect  .   c - +0 helmet
rElec   .          Harm     .   (no cloak)
rCorr   .          Rampage  .   (no gloves)
Will    .....                   (no boots)
Stlth   ++........              (no amulet)
HPRegen 0.09/turn               (no ring)
MPRegen 0.08/turn               (no ring)

@: mighty, lethally poisoned (0 -> -5)
A: (nimble swimmer 2), mertail
a: no special abilities


You were on level 2 of the Dungeon.
You visited 1 branch of the dungeon, and saw 2 of its levels.

You collected 108 gold pieces.

Inventory:

Hand Weapons
 a - a +0 trident (weapon)
Armour
 b - a +0 leather armour (worn)
 c - a +0 helmet (worn)
Scrolls
 e - a scroll of amnesia {unknown}
 f - 2 scrolls of teleportation {unknown}
 h - a scroll of summoning
 i - a scroll of enchant armour {unknown}
 j - a scroll of blinking {unknown}
 k - a scroll of noise {unknown}


   Skills:
 + Level 2.5 Fighting
 + Level 4.7 Polearms
 + Level 2.2 Throwing
 * Level 4.6 Dodging
 * Level 1.7 Stealth


You had 2 spell levels left.
You didn't know any spells.
Your spell library was empty.

Dungeon Overview and Level Annotations

Branches:
Dungeon (2/15)

Altars:


Innate Abilities, Weirdness & Mutations

((You are very nimble when in or above water. (Stealth+, EV+, Speed+++)))
Your lower body shifts to a powerful aquatic tail in water.


Message History

You feel sick. The adder barely misses you.
You miss the adder.
The adder is severely wounded.
You feel sick. The adder barely misses you. The adder bites you.
You are more poisoned.
The adder poisons you!
You hit the adder but do no damage.
The adder is severely wounded.
You feel sick. The adder barely misses you.
You hit the adder but do no damage.
The adder is severely wounded.
You feel sick. The adder bites you.
You are more poisoned.
The adder poisons you!
You closely miss the adder.
The adder is severely wounded.
You feel sick. The adder closely misses you. The adder misses you.
You closely miss the adder.
The adder is severely wounded.
You feel sick. The adder bites you.
* * * LOW HITPOINT WARNING * * *
You are lethally poisoned!
The adder poisons you!
You feel very mighty all of a sudden.
* * * LOW HITPOINT WARNING * * *
You feel sick. The adder bites you but does no damage.
You hit the adder.
The adder is almost dead.
* * * LOW HITPOINT WARNING * * *
You feel sick. The adder closely misses you. The adder completely misses you.
You hit the adder.
You kill the adder!
* * * LOW HITPOINT WARNING * * *
You feel sick.
You aren't carrying any potions.
As you read the scroll of magic mapping, it crumbles to dust.
You feel aware of your surroundings.
* * * LOW HITPOINT WARNING * * *
You feel sick.
You die...

#........# #.######.######### #.#
#.........##.#### #.#
#.##.##.........# ***
#.###.##.##.........#**,**
#........######...#.#*,*,**
#####......# ##.##.#,***,**
#.......[#.# #.##..** **,*
#.###..#.#.# #@####.***,** #.#
#....#.# *#'#* *#.*,****** #.#
##.#.#.# *#...#* *#.,,,,,,*
#.####.#.#.#*#.....#* *##****,*
#........#.##.......#* **,**,*
#####......#.........#***,,,*,***
#..†......+....(....+,,,,,,,,,<,
#.##....###.........#***,,,*,***
#.##...#.###.......## **,**,*


There were no monsters in sight!

Vanquished Creatures
  A gnoll (D:1)
  An adder (D:2)
  A dart slug (D:1)
  3 endoplasms (D:1)
  A giant cockroach (D:2)
  3 hobgoblins
  A quokka (D:2)
  A ball python (D:1)
  2 bats (D:2)
  2 frilled lizards
  A rat (D:1)
17 creatures vanquished.

Notes
Turn   | Place    | Note
-------+----------+-------------------------------------------
     0 | D:1      | adizb the Merfolk Gladiator began the quest for the Orb.
     0 | D:1      | Reached XP level 1. HP: 16/16 MP: 1/1
   579 | D:1      | Reached XP level 2. HP: 19/22 MP: 2/2
   587 | D:1      | Reached skill level 1 in Stealth
  1218 | D:1      | Found a faded altar of an unknown god.
  1430 | D:2      | Reached XP level 3. HP: 28/28 MP: 3/3
  1701 | D:2      | HP: 1/28 [poisoned by an adder]
  1702 | D:2      | Succumbed to an adder's poison

Illustrated notes

Levels and vault maps discovered:
D:1:      minmay_arrival_stair_chambers, layout_basic,
          shapermc_ecumenical_altar_notcrosses
D:2:      layout_loops_corners

Skill      XL: |  1  2 |
---------------+-------+-----
Stealth        | 1 |  1.7
Fighting       | |  2.5
Polearms       | |  4.7
Throwing       | |  2.2
Dodging        | |  4.6

Action                   || total
-------------------------++-------
Melee: Trident           ||    58
Throw: Throwing net      ||     8
  Use: Scroll            ||     4
       Potion            ||     1
 Stab: Held in net/web   ||     3
       Sleeping          ||     4
Armor: Leather armour    ||    10
Dodge: Dodged            ||    21
